AoeStats
← HeroSan

MegaRandom

510871013Analyzed
3v3 RM · 14h ago on Oct 2, 2026· 27m 0s· 6 players
Game mode
Random Map
Map size
Normal (6 player)
Population
200
Speed
Normal
Resources
Standard
Victory
Conquest
Starting age
Dark Age
Ending age
Imperial Age
RankedLock teamsTeams togetherTeam positionsShared explorationLock speedFull tech treeHidden civsTurbo modeCheats
Victory
Defeat
🇨🇦 Saxons · Canada
1491
+14
🇦🇷 Mapuche · Argentina
1476
+15
🇦🇷 Romans · Argentina
1373
+18
🇦🇷 Lithuanians · Argentina
1487
-18
🇦🇷 Britons · Argentina
1482
-17
🇦🇷 Vietnamese · Argentina
1357
-12
Mr_Bruswill
6:12 Loom
8:49 Feudal Age
9:35 Double-Bit Axe
17:32 Town Watch
18:18 Fletching
guido_ara
7:25 Loom
11:10 Feudal Age
11:59 Double-Bit Axe
15:38 Fletching
18:49 Horse Collar
19:55 Padded Archer Armor
25:32 Castle Age
24:02 Gold Mining
25:32 Crossbowman
26:08 Bodkin Arrow
HeroSan
6:25 Loom
8:56 Feudal Age
9:56 Double-Bit Axe
23:43 Castle Age
21:51 Horse Collar
23:04 Bloodlines
23:22 Scale Barding Armor
EXILE | Alebrije
7:33 Loom
9:49 Feudal Age
9:55 Champi Runner
11:04 Double-Bit Axe
15:08 Fletching
16:48 Padded Archer Armor
22:45 Castle Age
21:38 Town Watch
22:07 Horse Collar
22:19 Gold Mining
23:09 Crossbowman
23:45 Bodkin Arrow
ノルフ
6:47 Loom
9:37 Feudal Age
11:02 Double-Bit Axe
14:46 Horse Collar
16:31 Fletching
24:28 Castle Age
23:03 Padded Archer Armor
24:29 Gold Mining
24:32 Stone Mining
24:39 Stone Mining
27:03 Bodkin Arrow
Ah! Soy asaltado
7:13 Loom
9:18 Feudal Age
10:00 Double-Bit Axe
10:39 Horse Collar
20:21 Castle Age
18:51 Scale Barding Armor
19:10 Bloodlines
20:20 Forging
20:31 Gold Mining
22:41 Chain Barding Armor
22:54 Heavy Plow
23:54 Husbandry
25:04 Iron Casting
27:24 Stone Mining
Connection lost

Rejoining the realm…

Still unreachable

The connection could not be restored.

Session expired

The server has moved on; the page needs a fresh start.